 Dungeon Crawl Stone Soup version 0.20.1-1-g8b1a95d66d (webtiles) character file.

3979 Koyanaruu the Fighter (level 10, -1/84 HPs)
             Began as a Human Wanderer on Jan 1, 2018.
             Succumbed to Rrauwl's ghost's poison
             ... on level 9 of the Dungeon.
             The game lasted 00:47:21 (9513 turns).

Koyanaruu the Fighter (Human Wanderer)              Turns: 9513, Time: 00:47:22

Health: -1/84      AC: 16    Str: 16    XL:     10   Next: 46%
Magic:  14/14      EV:  9    Int: 13    God:
Gold:   112        SH:  0    Dex: 14    Spells: 13/14 levels left

rFire    + . .     SeeInvis .   g - +2 scythe (slice)
rCold    x . .     Gourm    .   (shield currently unavailable)
rNeg     . . .     Faith    .   e - +0 chain mail
rPois    .         Spirit   .   n - +0 helmet
rElec    .         Reflect  .   C - +0 cloak
rCorr    .         Harm     .   y - +0 pair of gloves
MR       .....                  (no boots)
Stlth    ..........             (no amulet)
Regen    0.3/turn               j - ring of fire
MPRegen  0.2/turn               k - ring of wizardry

@: lethally poisoned (-1 -> -77)
A: thin skeletal structure 1, yellow scales 1, clever 1, mutation resistance 1,
weak 1
a: no special abilities


You were on level 9 of the Dungeon.
You were not hungry.

You visited 1 branch of the dungeon, and saw 9 of its levels.

You collected 232 gold pieces.
You spent 120 gold pieces at shops.

Inventory:

Hand Weapons
 a - a +2 spear
 d - a +0 shortbow
 g - a +2 scythe of slicing (weapon)
 l - a +2 hand axe of chopping
 p - a +0 falchion
 u - a -3 shortbow
 w - a +0 shortbow
 B - a +2 long sword of flaming
Missiles
 h - 36 poisoned needles
 s - 4 silver tomahawks (quivered)
 x - 87 arrows
Armour
 c - a +0 robe
 e - a +0 chain mail (worn)
 f - a +0 ring mail
 n - a +0 helmet (worn)
 q - a +0 plate armour
 v - a +0 helmet
 y - a +0 pair of gloves (worn)
 C - a +0 cloak (worn)
Jewellery
 j - a ring of fire (left hand)
 k - a ring of wizardry (right hand)
 r - an uncursed ring of ice
Scrolls
 i - 3 scrolls of teleportation
 o - a scroll of fog
 t - a scroll of enchant weapon
 A - 2 scrolls of identify
Potions
 b - 2 potions of lignification
 m - a potion of curing
 D - a potion of haste
Books
 z - a book of Cantrips

   Spells                             Type                      Level
   a - Confusing Touch                Hexes                        1
   b - Animate Skeleton               Necromancy                   1
   c - Summon Small Mammal            Summoning                    1
   d - Apportation                    Translocation                1
Comestibles
 E - a royal jelly


   Skills:
 + Level 9.6 Fighting
 + Level 4.4 Long Blades
 + Level 3.7(6.0) Axes
 + Level 7.2(8.0) Polearms
   Level 3.0(5.5) Staves
 + Level 4.6 Bows
 + Level 6.7 Armour
 + Level 5.2 Dodging
 + Level 3.5 Stealth
   Level 2.0 Shields
 + Level 3.0 Unarmed Combat
 + Level 2.7 Spellcasting


You had 13 spell levels left.
You knew the following spells:

 Your Spells              Type           Power        Failure   Level  Hunger
a - Summon Small Mammal   Summ           #...         75%         1    #......


Dungeon Overview and Level Annotations

Branches:
Dungeon (9/15)
 Temple: D:4-7         Lair: D:8-11         Orc: D:9-12

Altars:

Shops:
D:9 !=[[

Annotations:
D:2 Natasha
D:9 Rrauwl's ghost, novice MfGl


Innate Abilities, Weirdness & Mutations

You have a somewhat thin skeletal structure. (Dex +2, Stealth)
You are partially covered in yellow scales. (AC +2)
Your mind is acute. (Int +2)
You are somewhat resistant to further mutation.
You are weak. (Str -2)


Message History

You hit Rrauwl's ghost but do no damage.
You feel very sick.
Rrauwl's ghost hits you but does no damage.
You are more poisoned.
Rrauwl's ghost hits you but does no damage.
You are more poisoned.
You completely miss Rrauwl's ghost.
You feel very sick. Rrauwl's ghost hits you!
* * * LOW HITPOINT WARNING * * *
You are more poisoned.
Your chain mail prevents you from hitting Rrauwl's ghost.
* * * LOW HITPOINT WARNING * * *
You feel extremely sick. Rrauwl's ghost hits you!
* * * LOW HITPOINT WARNING * * *
You are more poisoned.
Rrauwl's ghost hits you but does no damage.
You are more poisoned.
You die...

# ###### ### #
#....### .... #
#......# ..... #
#....#.#####...... #
###....#...@.W...... #
###......#######......
####...#....# .....
#....###....# ####
'.#### ###.## ### #.#
# #<. ##.# ..


You could see Rrauwl's ghost.

Vanquished Creatures
  The ghost of Voga the Poker, an amateur HuGl (D:3)
  Sigmund (D:2)
  2 wyverns (D:9)
  An ice beast (D:7)
  An orc warrior (D:7)
  An eye of draining (D:9)
  2 sky beasts
  2 necrophages (D:8)
  3 ogres (D:4)
  3 phantoms
  3 centaurs
  2 scorpions (D:6)
  2 wights (D:9)
  2 crimson imps
  8 hounds
  4 orc wizards
  2 bullfrog skeletons
  A jelly (D:9)
  11 worker ants
  A mummy (D:8)
  8 gnolls
  A river rat (D:2)
  11 adders
  5 shadow imps
  2 adder zombies
  An adder skeleton (D:7)
  3 worms
  A dart slug (D:1)
  5 leopard geckos
  14 orcs
  4 giant cockroaches
  7 hobgoblins
  3 jackals (D:3)
  5 quokkas
  5 bats
  3 frilled lizards
  6 goblins
  7 kobolds
  12 rats
156 creatures vanquished.

Notes
Turn   | Place    | Note
-------+----------+-------------------------------------------
     0 | D:1      | Koyanaruu the Human Wanderer began the quest for the Orb.
     0 | D:1      | Koyanaruu set off with: a +2 spear, 2 potions of lignification, a +0 robe, a bread ration
     0 | D:1      | Reached XP level 1. HP: 24/24 MP: 1/1
   378 | D:1      | Reached XP level 2. HP: 31/31 MP: 2/2
  1300 | D:2      | Reached XP level 3. HP: 25/36 MP: 3/3
  1422 | D:2      | Noticed Natasha
  1841 | D:2      | Gained mutation: Your flesh is cold resistant. (rC+) [potion of mutation]
  1841 | D:2      | Gained mutation: You have a pair of small horns on your head. [potion of mutation]
  1841 | D:2      | Gained mutation: Your mind is acute. (Int +2) [potion of mutation]
  2153 | D:2      | Reached XP level 4. HP: 36/43 MP: 4/4
  2218 | D:3      | Reached skill level 1 in Polearms
  2218 | D:3      | Reached XP level 5. HP: 37/49 MP: 5/5
  2341 | D:3      | Noticed Voga's ghost (amateur HuGl)
  2365 | D:3      | Killed Voga's ghost
  2365 | D:3      | Reached skill level 1 in Dodging
  2365 | D:3      | Reached XP level 6. HP: 5/56 MP: 6/6
  2995 | D:2      | Reached XP level 7. HP: 61/61 MP: 7/7
  3226 | D:2      | Noticed Sigmund
  3244 | D:2      | Killed Sigmund
  4324 | D:4      | Lost mutation: You have a pair of small horns on your head. [potion of mutation]
  4324 | D:4      | Lost mutation: Your flesh is cold resistant. (rC+) [potion of mutation]
  4324 | D:4      | Gained mutation: You are partially covered in yellow scales. (AC +2) [potion of mutation]
  4324 | D:4      | Gained mutation: You have a somewhat thin skeletal structure. (Dex +2, Stealth) [potion of mutation]
  4324 | D:4      | Gained mutation: You are weak. (Str -2) [potion of mutation]
  4324 | D:4      | Gained mutation: You are somewhat resistant to further mutation. [potion of mutation]
  4347 | D:4      | Reached skill level 9 in Fighting
  4347 | D:4      | Reached skill level 5 in Armour
  4347 | D:4      | Reached XP level 8. HP: 71/71 MP: 7/12
  4509 | D:4      | Reached XP level 9. HP: 74/76 MP: 13/13
  4518 | D:4      | Reached skill level 5 in Dodging
  5363 | D:5      | Entered Level 5 of the Dungeon
  5911 | D:6      | Reached skill level 5 in Polearms
  6878 | D:6      | Learned a level 1 spell: Summon Small Mammal
  8078 | D:7      | Reached XP level 10. HP: 30/83 MP: 14/14
  8950 | D:9      | Found Hagarein's Distillery.
  8966 | D:9      | Bought a potion of haste for 120 gold pieces
  8983 | D:9      | Found Caifayr's Antique Armour Shop.
  9002 | D:9      | Found Lahuogew's Armour Shop.
  9382 | D:9      | Found Zaitoy's Jewellery Shoppe.
  9503 | D:9      | Noticed Rrauwl's ghost (novice MfGl)
  9512 | D:9      | HP: 4/84 [Rrauwl's ghost (13)]
  9513 | D:9      | Succumbed to Rrauwl's ghost's poison

Skill      XL: |  1  2  3  4  5  6  7  8  9 10 |
---------------+-------------------------------+-----
Armour         | 2 3 5 6 |  6.7
Polearms       | 1 3 5 7 |  7.2
Axes           | 2 3 |  3.7
Dodging        | 1 4 5 |  5.2
Fighting       | 9 |  9.6
Long Blades    | 4 |  4.4
Staves         | 3 |  3.0
Bows           | 4 |  4.6
Stealth        | 3 |  3.5
Unarmed Combat | 3 |  3.0
Spellcasting   | 2 |  2.7
Shields        | |  2.0

Action                   |  1- 3 |  4- 6 |  7- 9 | 10-12 || total
-------------------------+-------+-------+-------+-------++-------
Melee: Spear             |    53 |       |       |       ||    53
       Hand axe          |    39 |    69 |    26 |       ||   134
       Headbutt          |     2 |     9 |    10 |       ||    21
       Scythe            |       |       |   246 |   120 ||   366
 Fire: Shortbow          |       |       |    32 |       ||    32
 Cast: Summon Small Mamm |       |       |     1 |       ||     1
  Use: Scroll            |     9 |     2 |     9 |       ||    20
       Potion            |     3 |     1 |     7 |       ||    11
  Eat: Bread ration      |     1 |       |     2 |       ||     3
       Chunk             |       |     2 |     6 |     2 ||    10
       Royal jelly       |       |       |     1 |       ||     1
       Meat ration       |       |       |       |     1 ||     1
Armor: Chain mail        |    77 |    68 |   232 |    93 ||   470
Dodge: Dodged            |    49 |    39 |   169 |    59 ||   316
